 Dungeon Crawl Stone Soup version 0.31-a0-765-g67fe2935dc (webtiles) character file.

Game seed: 6085290014032205410

1056 Dittersdorf the Magician (level 8, -4/52 HPs)
             Began as a Mummy Necromancer on Sept 15, 2023.
             Was an Initiate of Gozag.
             Slain by a troll (12 damage)
             ... on level 5 of the Dungeon.
             The game lasted 00:21:01 (5099 turns).

Dittersdorf the Magician (Mummy Necromancer)        Turns: 5099, Time: 00:21:02

Health: -4/52      AC:  5    Str: 11    XL:     8   Next: 6%
Magic:  16/17      EV: 18    Int: 16    God:    Gozag
Gold:   230        SH:  0    Dex: 13    Spells: 18/19 levels left

rFire   x . .        n - +2 spear (flame)
rCold   + . .        (no shield)
rNeg    + + +        k - +0 robe
rPois   ∞            i - +0 helmet
rElec   .            r - +1 cloak
rCorr   .            (no gloves)
SInv    .            (no boots)
Will    ++...        (no amulet)
Stlth   +++          v - +5 ring of evasion
HPRegen 0.28/turn    g - ring of willpower
MPRegen 0.15/turn

%: faith
@: no status effects
A: cold resistance 1, negative energy resistance 3, torment resistance 2, heat
vulnerability 1, in touch with death 1, no potions, faith
a: Renounce Religion, Potion Petition, Call Merchant, Bribe Branch


You were on level 5 of the Dungeon.
You worshipped Gozag.
Gozag was aware of your devotion.
You visited 2 branches of the dungeon, and saw 6 of its levels.

You collected 324 gold pieces.
You paid 94 gold pieces to Gozag.

Inventory:

Hand Weapons
 e - a +0 dagger
 n - a +2 spear of flaming (weapon)
Missiles
 l - a throwing net
 o - 3 curare-tipped darts
Armour
 b - a +0 tower shield
 i - a +0 helmet (worn)
 k - a +0 robe (worn)
 r - a +1 cloak (worn)
 u - a +0 troll leather armour
Magical Staves
 s - a staff of fire
Jewellery
 d - a ring of see invisible
 g - a ring of willpower (right hand)
 v - a +5 ring of evasion (left hand)
Wands
 h - a wand of acid (1)
 p - a wand of flame (16)
Scrolls
 a - a scroll of fear
 c - 4 scrolls of teleportation
 f - 3 scrolls of brand weapon
 j - a scroll of revelation
 m - a scroll of poison
 q - 2 scrolls of identify
 t - a scroll of blinking


   Skills:
 + Level 1.0 Armour
 + Level 4.2 Dodging
 - Level 4.2 Stealth
 + Level 6.2 Spellcasting
 + Level 6.1 Necromancy


You had 18 spell levels left.
You knew the following spells:

 Your Spells              Type           Power      Damage    Failure   Level
a - Necrotise             Necr           100%       1d9       1%          1

Your spell library contained the following spells:

 Spells                   Type           Power      Damage    Failure   Level
 Vampiric Draining        Necr           36%        2d8       3%          3
 Slow                     Hex            16%        N/A       14%         1
 Agony                    Necr           36%        N/A       30%         5
 Confusing Touch          Hex            4%         N/A       38%         3
 Sigil of Binding         Hex            4%         N/A       38%         3
 Iskenderun's Battlesphe  Conj           4%         2d6       98%         5
 Summon Forest            Summ/Tloc      2%         N/A       98%         5
 Eringya's Noxious Bog    Tmut/Pois      2%         4d6       100%        6
 Leda's Unmaking          Conj/Erth      2%         9d1       100%        6
 Spellforged Servitor     Conj/Summ      2%         N/A       100%        7
 Summon Hydra             Summ           2%         N/A       100%        7
 Animate Dead             Necr           Unusable   N/A       N/A         4

Dungeon Overview and Level Annotations

Branches:
Dungeon (5/15)             Temple (1/1) D:4

Altars:
Ashenzari
Cheibriados
Dithmenos
Fedhas
Gozag
Hepliaklqana
Makhleb
Nemelex Xobeh
Qazlal
Sif Muna
Trog
Vehumet
Xom
Yredelemnul

Shops:
D:5 *

Annotations:
D:3 1 runed translucent door, Crazy Yiuf


Innate Abilities, Weirdness & Mutations

You are immune to poison.
Your flesh is cold resistant. (rC+)
You are immune to negative energy. (rN+++)
You are immune to unholy pain and torment.
You are vulnerable to heat. (rF-)
You are in touch with the powers of death.
You do not drink.
You have a special connection with the divine. (Faith)


Message History

Aiming: Throw Flame
Press: ? - help, Shift-Dir - straight line, f - troll, p - orc
Aim: a troll (68% to hit)
The puff of flame hits the orc.
You kill the orc!
The troll attacks as it pursues you! The troll misses you.
The troll barely misses you. The troll claws you!
Aiming: Corrosive Bolt
Press: ? - help, Shift-Dir - straight line, f/p - troll
Aim: a troll (71% to hit)
The bolt of acid hits the troll!
The troll is moderately wounded.
Aiming: Corrosive Bolt
Press: ? - help, Shift-Dir - straight line, f/p - troll
Aim: a troll (moderately wounded, 71% to hit)
The bolt of acid hits the troll!
The acid corrodes the troll!
The troll is heavily wounded.
You hear a shout!
The troll bites you. The troll claws you! The troll claws you.
You barely miss the troll.
The troll is heavily wounded.
The troll barely misses you. x2; The troll claws you but does no damage.
The troll closely misses you. The troll claws you. The troll misses you.
You hit the troll. You burn the troll.
The troll is heavily wounded.
The troll closely misses you. x2; The troll claws you!
* * * LOW HITPOINT WARNING * * *
You barely miss the troll.
The troll is heavily wounded.
The troll bites you!
* * * LOW HITPOINT WARNING * * *
The troll completely misses you. The troll closely misses you.
The troll is no longer covered in acid.
Aiming: Necrotise (safe; 1% risk of failure)
Press: ? - help, Q - select action, (/) - cycle Shift-Dir - straight line, f/p - troll
Aim: a troll (heavily wounded, chance to affect: 83%)
You feel a surge of power!
The troll writhes in agony.
The troll misses you. x2; The troll claws you!
You die...
Your body crumbles into a pile of gold.

#.. ........# ###### #..
........# #.....
#..###.......#######.....
#....#.................[.
#.##.#.......#######..... ....
#.#.#....# #.....
#........#...#....########.....
#........##..T.................
#........###.#@.......!........
#........# #.###...............
#........###.####..............
#..........o...###.....).......
#.........$....###........#####
#.........................# ###
#.8.>.8..###.#............# #..
#........# #.#....######.## #..
#...∩....# #.###### #.## #..


You could see a troll.

Vanquished Creatures
  Eustachio (D:5)
  Edmund (D:5)
  A water moccasin (D:5)
  3 ogres
  A jelly (D:3)
  4 hounds (D:5)
  Jessica (D:2)
  An iguana (D:4)
  Natasha (thrice) (D:3)
  An adder (D:5)
  2 shadow imps (D:5)
  A worm (D:2)
  3 dart slugs
  6 orcs
  2 bats
  6 endoplasms
  A giant cockroach (D:2)
  14 goblins
  7 hobgoblins
  3 jackals (D:2)
  7 ball pythons
  3 frilled lizards
  6 kobolds
  2 rats (D:2)
80 creatures vanquished.

Vanquished Creatures (collateral kills)
  An ogre (D:5)
1 creature vanquished.

Grand Total: 81 creatures vanquished

Notes
Turn   | Place    | Note
-------+----------+-------------------------------------------
     0 | D:1      | Dittersdorf the Mummy Necromancer began the quest for the
                  | Orb.
     0 | D:1      | Reached XP level 1. HP: 13/13 MP: 4/4
   297 | D:1      | You fall into a shaft and drop 1 floor!
   359 | D:1      | Reached XP level 2. HP: 19/19 MP: 2/5
  1244 | D:2      | Reached XP level 3. HP: 15/24 MP: 1/7
  1764 | D:2      | Noticed Jessica
  1768 | D:2      | Killed Jessica
  1769 | D:2      | Reached XP level 4. HP: 30/30 MP: 5/9
  1938 | D:3      | Noticed Natasha
  1947 | D:3      | Killed Natasha
  2161 | D:3      | Noticed Natasha
  2164 | D:3      | Killed Natasha
  2271 | D:3      | Found a basalt altar of Yredelemnul.
  2273 | D:3      | Noticed a profane servitor
  2553 | D:3      | Found a runed translucent door.
  2554 | D:3      | Noticed Crazy Yiuf
  2593 | D:3      | Noticed an angel
  2898 | D:3      | Noticed Natasha
  2935 | D:3      | Killed Natasha
  2936 | D:3      | Reached XP level 5. HP: 35/35 MP: 5/11
  3128 | D:3      | Found a basalt altar of Yredelemnul.
  3490 | D:4      | Noticed an ogre
  3514 | D:4      | Found a staircase to the Ecumenical Temple.
  3520 | Temple   | Entered the Ecumenical Temple
  3696 | D:4      | Killed an ogre
  3697 | D:4      | Reached skill level 5 in Necromancy
  3697 | D:4      | Reached XP level 6. HP: 13/41 MP: 3/12
  4007 | D:5      | Entered Level 5 of the Dungeon
  4049 | D:5      | Found a burning altar of Makhleb.
  4146 | D:5      | Reached skill level 5 in Spellcasting
  4174 | D:5      | Noticed Eustachio
  4293 | D:5      | Killed Eustachio
  4294 | D:5      | Reached XP level 7. HP: 23/46 MP: 12/14
  4598 | D:5      | Noticed Edmund
  4610 | D:5      | Killed Edmund
  4766 | D:5      | Found an opulent altar of Gozag.
  4793 | D:5      | Became a worshipper of Gozag Ym Sagoz the Greedy
  4912 | D:5      | Found Lietiuna's General Store.
  5021 | D:5      | Reached skill level 1 in Armour
  5021 | D:5      | Reached XP level 8. HP: 40/52 MP: 14/17
  5076 | D:5      | Noticed a troll
  5099 | D:5      | Slain by a troll

Illustrated notes

Levels and vault maps discovered:
D:1:      dpeg_arrival_rooms_a, layout_loops_ring, nicolae_titane
D:2:      layout_rooms, uniq_jessica
D:3:      layout_loops_cross, grunt_temple_overflow_holy_war,
          uniq_crazy_yiuf_cottage, uniq_natasha
D:4:      layout_rooms, minmay_temple_entry_mist
D:5:      layout_basic, mainiacjoe_overflow_six_doors_small,
          amcnicky_altar_gilded, nicolae_stop_n_shop_2, minmay_ogre_servants,
          uniq_edmund, uniq_eustachio
Temple:   nicolae_temple_no_exploring_needed

Skill      XL: |  1  2  3  4  5  6  7 |
---------------+----------------------+-----
Spellcasting   | 3 4 5 6 |  6.2
Stealth        | 2 3 4 |  4.2
Dodging        | 2 3 4 |  4.2
Necromancy     | 5 6 |  6.1
Armour         | 1 |  1.0

Action                     |  1- 3 |  4- 6 |  7- 9 || total
---------------------------+-------+-------+-------++-------
  Melee: Unarmed           |     1 |       |       ||     1
         Dagger            |    19 |    25 |     5 ||    49
         Quarterstaff      |    17 |       |       ||    17
         Spear             |       |       |    13 ||    13
  Throw: Dart              |       |    10 |       ||    10
   Cast: Necrotise         |    72 |    68 |    31 ||   171
  Evoke: Wand              |       |     4 |    19 ||    23
    Use: Scroll            |     4 |     5 |       ||     9
 Armour: Robe              |    23 |    27 |    20 ||    70
  Dodge: Dodged            |    38 |    28 |    38 ||   104
         Repelled          |       |     1 |       ||     1

Table legend: (Time is in decaauts)
 A = Elapsed time spent in this place.
 B = Non-inter-level travel time spent in this place.
 C = Inter-level travel time spent in this place.
 D = Time resting spent in this place.
 E = Time spent auto-exploring this place.
 F = Levels seen in this place.
 G = Mean time per level.
                   A        B        C        D        E       F      G
               +--------+--------+--------+--------+--------+-----+--------+
         Total |   5112 |   4945 |    167 |    798 |   2965 |   6 |  852.0 |
       Dungeon |   5068 |   4907 |    161 |    798 |   2965 |   5 | 1013.6 |
        Temple |     43 |     37 |      6 |      0 |      0 |   1 |   43.0 |
               +--------+--------+--------+--------+--------+-----+--------+

Top non-repeatable levels by time:
     D:3: 1586 daAuts
     D:1: 1179 daAuts
     D:5: 1040 daAuts
     D:2: 692 daAuts
     D:4: 570 daAuts
  Temple: 43 daAuts
